 Dungeon Crawl Stone Soup version 0.32-a0-571-gec57dfcd37 (webtiles) character file.

Game seed: 11590957739661375864

13610 hikkokomori the Blocker (level 11, -4/145 HPs)
             Began as a Mountain Dwarf Wanderer on Mar 1, 2024.
             Was an Initiate of Gozag.
             Slain by a swamp worm (12 damage)
             ... on level 1 of the Lair of Beasts.
             The game lasted 00:21:11 (7755 turns).

hikkokomori the Blocker (Mountain Dwarf Wanderer)   Turns: 7755, Time: 00:21:11

Health: -4/145     AC: 16    Str: 14    XL:     11   Next: 77%
Magic:  19/19      EV: 14    Int: 18    God:    Gozag
Gold:   1299       SH:  8    Dex:  9    Spells: 18/21 levels left

rFire   . . .        i - +5 flail (drain)
rCold   . . .        b - +2 buckler
rNeg    . . .        D - +6 scale mail of Hoelogymp {Regen+}
rPois   +            C - +2 hat
rElec   .            (no cloak)
rCorr   .            t - +0 pair of gloves
SInv    .            (no boots)
Will    +....        g - amulet of regeneration Stlth
                     e - ring of poison resistance
HPRegen 2.04/turn    E - +5 ring of evasion
MPRegen 0.16/turn

%: no passive effects
@: mighty, berserking (expiring), very quick
A: runic magic, artefact enchanting
a: Renounce Religion, Potion Petition, Call Merchant, Bribe Branch


You were on level 1 of the Lair of Beasts.
You worshipped Gozag.
Gozag was most pleased with you.
You visited 3 branches of the dungeon, and saw 11 of its levels.

You collected 1752 gold pieces.
You spent 396 gold pieces at shops.
You paid 57 gold pieces to Gozag.

Inventory:

Hand Weapons
 a - a +0 mace
 i - a +5 flail of draining (weapon)
 O - a +0 morningstar of protection
Missiles
 o - 9 boomerangs
 u - 13 poisoned darts (quivered)
Armour
 b - a +2 buckler (worn)
 c - a +0 helmet
 l - the +5 tower shield "Gibrocvaum" {rPois rF- rN+ Dex+2}
   (You bought it in a shop on level 6 of the Dungeon)

   Dex+2:     It affects your dexterity (+2).
   rF-:       It makes you vulnerable to fire.
   rPois:     It protects you from poison rN+: It protects you from negative
   energy.
 m - a +0 chain mail
 t - a +0 pair of gloves (worn)
 C - a +2 hat (worn)
 D - the +6 scale mail of Hoelogymp (worn) {Regen+}
   (You found it on level 6 of the Dungeon)

   Regen+:    It increases your rate of health regeneration.
Jewellery
 e - a ring of poison resistance (left hand)
 g - an amulet of regeneration (around neck)
 n - a ring of ice
 E - a +5 ring of evasion (right hand)
 I - a ring of resist corrosion
 J - a ring of ice
Wands
 k - a wand of polymorph (7)
 N - a wand of digging (8)
Scrolls
 d - 3 scrolls of fog
 f - a scroll of brand weapon {unknown}
 h - 2 scrolls of immolation {unknown}
 j - a scroll of poison {unknown}
 v - a scroll of acquirement {unknown}
 x - a scroll of enchant weapon {unknown}
 y - a scroll of vulnerability {unknown}
 z - a scroll of butterflies {unknown}
 A - 3 scrolls of teleportation {unknown}
 B - a scroll of amnesia {unknown}
 F - 2 scrolls of blinking {unknown}
 H - a scroll of fear
 K - 2 scrolls of enchant armour {unknown}
 P - a scroll of silence {unknown}
Potions
 p - 3 potions of curing
 q - 3 potions of heal wounds
 s - a potion of might
 w - a potion of mutation
 G - a potion of cancellation
 L - a potion of lignification
 M - a potion of enlightenment


   Skills:
 + Level 9.5 Fighting
 - Level 8.0 Maces & Flails
 + Level 3.5 Armour
 - Level 2.1 Dodging
 + Level 11.3 Shields
 + Level 5.5 Spellcasting
 + Level 5.8 Conjurations
 - Level 4.0 Air Magic
 - Level 4.0 Alchemy
 - Level 3.0 Evocations


You had 18 spell levels left.
You knew the following spells:

 Your Spells              Type           Power      Damage    Failure   Level
a - Mephitic Cloud        Conj/Alch/Air  21%        N/A       10%         3

Your spell library contained the following spells:

 Spells                   Type           Power      Damage    Failure   Level
 Shock                    Conj/Air       88%        1d8       2%          1
 Mercury Vapours          Alch/Air       38%        N/A       6%          2
 Swiftness                Air            19%        N/A       12%         3
 Necrotise                Necr           20%        1d5       22%         1
 Airstrike                Air            9%         2d(2-18)  38%         4
 Vampiric Draining        Necr           5%         2d6       54%         3
 Freezing Cloud           Conj/Ice/Air   8%         6-21      83%         5
 Martyr's Knell           Necr/Summ      5%         N/A       91%         4
 Curse of Agony           Necr           5%         N/A       99%         5


Dungeon Overview and Level Annotations

Branches:
Dungeon (8/15)             Temple (1/1) D:4            Lair (2/5) D:8
 Shoals (0/4) Lair:2
  Snake: Lair:2-3    Spider: Lair:2-3

Altars:
Ashenzari
Cheibriados
Dithmenos
Elyvilon
Fedhas
Gozag
Hepliaklqana
Kikubaaqudgha
Makhleb
Nemelex Xobeh
Okawaru
Qazlal
Ru
Sif Muna
Trog
Uskayaw
Vehumet
Xom
Yredelemnul
Zin
The Shining One

Shops:
D:6 [

Portals:
Abyss: D:3

Annotations:
D:2 1 runed translucent door, Crazy Yiuf
D:3 2 transporters, audacious124's ghost, weakling CoGl


Innate Abilities, Weirdness & Mutations

Your spellcasting is much less encumbered by armour.
You can use scrolls of enchantment on lesser artefacts.


Message History

You block the demonic crawler's attack. The demonic crawler hits you.
The demonic crawler hits you but does no damage.
The swamp worm fires a harpoon shot at you.
The harpoon shot misses you.
You barely miss the demonic crawler.
The demonic crawler is moderately wounded.
You block the demonic crawler's attack.
The demonic crawler hits you but does no damage.
The demonic crawler closely misses you.
You bludgeon the demonic crawler!!
The demonic crawler is heavily wounded.
The swamp worm fires a harpoon shot at you.
The harpoon shot hits you!!
* * * LOW HITPOINT WARNING * * *
You are yanked forward by the harpoon shot.
The swamp worm bites you!
* * * LOW HITPOINT WARNING * * *
You sock the swamp worm!
The swamp worm is heavily wounded.
The swamp worm misses you.
The swamp worm fires a harpoon shot at you.
The harpoon shot hits you.
* * * LOW HITPOINT WARNING * * *
You are yanked forward by the harpoon shot.
You miss the swamp worm.
The swamp worm is moderately wounded.
You block the demonic crawler's attack. The demonic crawler closely misses you.
You block the demonic crawler's attack. The swamp worm bites you.
* * * LOW HITPOINT WARNING * * *
The swamp worm bites you but does no damage.
You thump the swamp worm!
The swamp worm is heavily wounded.
The demonic crawler hits you but does no damage.
The demonic crawler barely misses you. You block the demonic crawler's attack.
The swamp worm bites you!
* * * LOW HITPOINT WARNING * * *
You feel a strong urge to attack something.
The swamp worm bites you!
You die...
Your body crumbles into a pile of gold.

### ### ### ####
###.####.###..######
#####..####....#.........#.##.
###.##..........................
##...............................
##...............................
#...............@................
...P##..........w................
.....##.........sw...............
.................................
.................................
.................................
................>#...............
...............####.........>....
...............## ##.............


You could see a demonic crawler and 2 swamp worms.

Vanquished Creatures
  Fannar (Lair:2)
  A hydra (Lair:2)
  A catoblepas (Lair:1)
  A two-headed ogre (D:8)
  Pikel (D:6)
  4 cane toads
  A gargoyle (D:7)
  2 komodo dragons (Lair:1)
  A hornet (Lair:1)
  8 blink frogs (Lair:1)
  14 yaks
  A wraith (D:7)
  2 basilisks (Lair:2)
  A wyvern (Lair:2)
  11 water moccasins
  2 orc warriors
  3 ice beasts
  2 sky beasts (D:6)
  An ogre (D:6)
  3 black bears
  2 lemures (D:6)
  A centaur (D:8)
  10 bullfrogs
  5 scorpions
  11 wights
  2 howler monkeys (D:7)
  7 hounds
  A jelly (D:8)
  2 orc priests
  A gnoll bouda (D:8)
  Terence (D:2)
  A sleepcap (D:7)
  3 iguanas
  4 orc wizards
  Robin (D:2)
  5 adders
  2 shadow imps
  3 white imps
  5 ufetubi
  A dart slug (D:1)
  2 ribbon worms
  26 orcs
  8 ball pythons
  9 endoplasms
  13 goblins
  8 hobgoblins
  6 jackals
  9 bats
  A frilled lizard (D:2)
  2 kobolds (D:3)
  4 rats
217 creatures vanquished.

Notes
Turn   | Place    | Note
-------+----------+-------------------------------------------
     0 | D:1      | hikkokomori the Mountain Dwarf Wanderer began the quest for
                  | the Orb.
     0 | D:1      | hikkokomori set off with the following items: a +0 mace, a
                  | +2 buckler, a +0 helmet, a scroll of fog, a +0 leather
                  | armour.
     0 | D:1      | Reached XP level 1. HP: 22/22 MP: 1/1
   196 | D:1      | Reached XP level 2. HP: 28/28 MP: 2/2
   505 | D:1      | Reached XP level 3. HP: 35/35 MP: 3/3
   750 | D:2      | Found a runed translucent door.
   751 | D:2      | Noticed Crazy Yiuf
   876 | D:2      | Noticed Terence
   876 | D:2      | Noticed Robin
   913 | D:2      | Killed Terence
   914 | D:2      | Reached skill level 5 in Fighting
   914 | D:2      | Reached skill level 3 in Shields
   973 | D:2      | Killed Robin
   974 | D:2      | Reached XP level 4. HP: 28/41 MP: 4/4
  1364 | D:3      | Found a burning altar of Makhleb.
  1435 | D:3      | Noticed audacious124's ghost (weakling CoGl)
  1435 | D:3      | Noticed a small abomination
  1436 | D:3      | Found a one-way gate to the infinite horrors of the Abyss.
  1468 | D:3      | Found a shimmering blue altar of Sif Muna.
  1494 | D:3      | Noticed a small abomination
  1527 | D:3      | Reached XP level 5. HP: 48/48 MP: 5/5
  1563 | D:3      | Found a transporter.
  1572 | D:3      | Found a transporter.
  1733 | D:3      | Reached skill level 4 in Shields
  1741 | D:3      | Found a faded altar of an unknown god.
  2008 | D:4      | Found a staircase to the Ecumenical Temple.
  2019 | Temple   | Entered the Ecumenical Temple
  2035 | Temple   | Became a worshipper of Gozag Ym Sagoz the Greedy
  2160 | D:4      | Found a sparkling altar of Nemelex Xobeh.
  2160 | D:4      | Found a basalt altar of Yredelemnul.
  2163 | D:4      | Reached XP level 6. HP: 55/57 MP: 6/6
  2174 | D:4      | Learned a level 3 spell: Mephitic Cloud
  2181 | D:4      | Found a hide-covered altar of Uskayaw.
  2185 | D:4      | Found a shimmering altar of Xom.
  2187 | D:4      | Found a white marble altar of Elyvilon.
  2193 | D:4      | Found a bloodstained altar of Trog.
  2557 | D:5      | Entered Level 5 of the Dungeon
  3099 | D:5      | Found a broken altar of Ashenzari.
  3205 | D:6      | Reached skill level 5 in Maces & Flails
  3205 | D:6      | Reached skill level 5 in Shields
  3210 | D:6      | Reached XP level 7. HP: 62/64 MP: 7/7
  3633 | D:6      | Noticed Pikel
  3669 | D:6      | Killed Pikel
  3670 | D:6      | Reached XP level 8. HP: 74/74 MP: 8/8
  3697 | D:6      | Reached skill level 1 in Conjurations
  3697 | D:6      | Reached skill level 1 in Evocations
  3729 | D:6      | Found Geoplis's Antique Armour Shop.
  3739 | D:6      | Reached skill level 1 in Spellcasting
  3739 | D:6      | Reached skill level 1 in Air Magic
  3739 | D:6      | Reached skill level 1 in Alchemy
  3764 | D:6      | Bought a brightly glowing tower shield for 228 gold pieces
  3764 | D:6      | Identified the +5 tower shield "Gibrocvaum" {rPois rF- rN+
                  | Dex+2} (You bought it in a shop on level 6 of the Dungeon)
  3764 | D:6      | Bought a glowing hat for 168 gold pieces
  3816 | D:6      | Identified the +6 scale mail of Hoelogymp {Regen+}
  4327 | D:7      | Reached XP level 9. HP: 81/81 MP: 10/12
  4596 | D:7      | Identified the staff of Amortisation {rCorr Conj}
  4661 | D:7      | Reached skill level 6 in Shields
  4690 | D:7      | Noticed a gargoyle
  4701 | D:7      | Killed a gargoyle
  5178 | D:8      | Reached XP level 10. HP: 88/88 MP: 15/15
  5201 | D:8      | Reached skill level 7 in Shields
  5214 | D:8      | Noticed a two-headed ogre
  5229 | D:8      | Killed a two-headed ogre
  5239 | D:8      | Reached skill level 8 in Shields
  5290 | D:8      | Found a staircase to the Lair.
  5463 | D:8      | Found a stormy altar of Qazlal.
  5828 | Lair:1   | Entered Level 1 of the Lair of Beasts
  5840 | Lair:1   | Reached skill level 9 in Shields
  5908 | Lair:1   | Noticed a catoblepas
  5922 | Lair:1   | Killed a catoblepas
  5923 | Lair:1   | Reached skill level 10 in Shields
  5954 | Lair:1   | HP: 3/88 [yak (9)]
  6035 | Lair:1   | Reached XP level 11. HP: 93/94 MP: 17/17
  6380 | Lair:1   | Reached skill level 1 in Armour
  6380 | Lair:1   | Reached skill level 5 in Conjurations
  6425 | Lair:1   | Reached skill level 5 in Spellcasting
  6936 | Lair:2   | Reached skill level 11 in Shields
  7118 | Lair:2   | Noticed an eight-headed hydra
  7132 | Lair:2   | Killed an eight-headed hydra
  7197 | Lair:2   | Noticed Fannar
  7214 | Lair:2   | Killed Fannar
  7368 | Lair:2   | Found a staircase to the Shoals.
  7723 | Lair:2   | Noticed a demonic crawler
  7753 | Lair:1   | HP: 5/145 [swamp worm (15)]
  7755 | Lair:1   | Slain by a swamp worm

Illustrated notes

Levels and vault maps discovered:
D:1:      dpeg_arrival_renting, layout_basic
D:2:      layout_basic, minmay_misc_feat_diagonals, minmay_misc_feat_cross,
          uniq_crazy_yiuf_cottage, uniq_terence, uniq_robin
D:3:      layout_basic, nicolae_sif_muna_little_library,
          mainiacjoe_overflow_boulevard, gammafunk_ghost_abyssal_escape,
          shapermc_ecumenical_altar_acropolis, hangedman_decor_clover_reticule
D:4:      layout_loops_ring, nicolae_overflow_hallway_of_the_gods,
          minmay_temple_entry_wispy
D:5:      layout_loops_ring, ashenzari_conservatory_becter
D:6:      layout_cave_pods, serial_shops, nicolae_shop_gibbet_a_chance,
          skrybe_limestone_x, minmay_misc_feat_square,
          kennysheep_generic_room_3, uniq_pikel
D:7:      kennysheep_windowed_halls, layout_cave_pools
D:8:      layout_loops_ring, nicolae_qazlal_eye_of_the_storm,
          due_lair_maze_entry_diamond
Temple:   hellmonk_temple_of_storms
Lair:1:   layout_cave_shapes
Lair:2:   layout_layer_cave, shoals_dummy_entry, spider_nest_entry_webs,
          worms_lemuel, uniq_fannar

Skill      XL: |  1  2  3  4  5  6  7  8  9 10 11 |
---------------+----------------------------------+-----
Maces & Flails | 2 3 4 5 8 |  8.0
Fighting       | 5 6 8 9 |  9.5
Shields        | 3 4 5 6 10 11 | 11.3
Conjurations   | 2 4 5 |  5.8
Evocations     | 3 |  3.0
Spellcasting   | 2 3 4 5 |  5.5
Air Magic      | 2 4 |  4.0
Alchemy        | 2 3 4 |  4.0
Armour         | 3 |  3.5
Dodging        | |  2.1

Action                     |  1- 3 |  4- 6 |  7- 9 | 10-12 || total
---------------------------+-------+-------+-------+-------++-------
  Melee: Mace              |    95 |       |       |       ||    95
         Flail             |    10 |   151 |   277 |   374 ||   812
    Use: Potion            |     3 |       |       |     6 ||     9
         Scroll            |       |     1 |     5 |     4 ||    10
   Stab: Distracted        |       |       |       |     1 ||     1
 Armour: Leather armour    |    40 |       |       |       ||    40
         Ring mail         |     8 |       |       |       ||     8
         Chain mail        |    30 |   143 |    50 |       ||   223
         Skin              |    16 |       |       |       ||    16
         Scale mail        |       |       |   121 |   295 ||   416
  Dodge: Dodged            |    39 |    46 |   136 |   249 ||   470
  Block: Buckler           |    38 |    37 |    88 |   156 ||   319

Table legend: (Time is in decaauts)
 A = Elapsed time spent in this place.
 B = Non-inter-level travel time spent in this place.
 C = Inter-level travel time spent in this place.
 D = Time resting spent in this place.
 E = Time spent auto-exploring this place.
 F = Levels seen in this place.
 G = Mean time per level.
                   A        B        C        D        E       F      G
               +--------+--------+--------+--------+--------+-----+--------+
         Total |   7861 |   7590 |    271 |      0 |   5623 |  11 |  714.6 |
       Dungeon |   5893 |   5673 |    220 |      0 |   4256 |   8 |  736.6 |
        Temple |     28 |     28 |      0 |      0 |      0 |   1 |   28.0 |
          Lair |   1938 |   1887 |     51 |      0 |   1367 |   2 |  969.0 |
               +--------+--------+--------+--------+--------+-----+--------+

Top non-repeatable levels by time:
  Lair:1: 1093 daAuts
     D:6: 963 daAuts
     D:7: 884 daAuts
  Lair:2: 845 daAuts
     D:8: 808 daAuts
     D:2: 705 daAuts
     D:1: 664 daAuts
     D:5: 650 daAuts
     D:3: 639 daAuts
     D:4: 577 daAuts
  Temple: 28 daAuts
